 Dungeon Crawl Stone Soup version 0.28-a0-1184-g53156a8862 (webtiles) character file.

Game seed: 12715239104116959431

555 kae the Changer (level 7, -7/52 HPs)
             Began as a Yellow Draconian Transmuter on Dec 17, 2021.
             Splashed by a jelly's acid (9 damage)
             ... on level 4 of the Dungeon.
             The game lasted 00:03:10 (3304 turns).

kae the Changer (Yellow Draconian Transmuter)       Turns: 3304, Time: 00:03:11

Health: -7/52      AC: -14   Str: 12    XL:     7   Next: 8%
Magic:  10/12      EV: 19    Int: 15    God:
Gold:   116        SH:  0    Dex: 23    Spells: 5/13 levels left

rFire   . . .      SeeInvis .     - Unarmed
rCold   . . .      Faith    .   (shield currently unavailable)
rNeg    . . .      Spirit   .   (armour unavailable)
rPois   x          Reflect  .   (helmet currently unavailable)
rElec   .          Harm     .   (cloak currently unavailable)
rCorr   .          Rampage  .   (gloves currently unavailable)
Will    .....                   (boots currently unavailable)
Stlth   ++........              (no amulet)
HPRegen 0.17/turn               d - +6 ring of dexterity
MPRegen 0.13/turn               (no ring)

@: spider-form (expiring), corroded
A: venomous fangs, (spit acid), AC +6, tiny, unfitting armour, (cold-blooded),
(acid resistance)
a: End Transformation


You were on level 4 of the Dungeon.
You were a venomous arachnid creature.
You visited 1 branch of the dungeon, and saw 4 of its levels.

You collected 116 gold pieces.

Inventory:

Jewellery
 d - a +6 ring of dexterity (left front leg)
 f - an amulet of the acrobat
Scrolls
 b - 2 scrolls of enchant weapon
 i - a scroll of identify
Potions
 h - a potion of attraction {unknown}


   Skills:
 - Level 1.1 Fighting
 - Level 1.7 Dodging
 - Level 3.0 Unarmed Combat
 + Level 3.8 Spellcasting
 * Level 5.7 Transmutations
 * Level 2.9 Ice Magic
 - Level 1.5 Poison Magic


You had 5 spell levels left.
You knew the following spells:

 Your Spells              Type           Power      Damage    Failure   Level
a - Beastly Appendage     Tmut           40%        N/A       8%          1
b - Spider Form           Tmut/Pois      13%        N/A       28%         3
c - Ice Form              Ice/Tmut       15%        N/A       52%         4

Your spell library contained the following spells:

 Spells                   Type           Power      Damage    Failure   Level
 Wereblood                Tmut           20%        N/A       10%         2
 Summon Ice Beast         Ice/Summ       7%         N/A       86%         4
 Summon Mana Viper        Hex/Summ       2%         N/A       100%        5
 Monstrous Menagerie      Summ           1%         N/A       100%        7


Dungeon Overview and Level Annotations

Branches:
Dungeon (4/15)
 Temple: D:4-7

Altars:
Fedhas
Hepliaklqana
Qazlal

Portals:
Ossuary: D:4


Innate Abilities, Weirdness & Mutations

You are a venomous arachnid creature.
You have poisonous fangs.
You are tiny and dextrous.
Your spellcasting is less reliable in this form.
Your armour is entirely melded.
You are incapable of wielding weapons or throwing items.
((You can spit globs of acid.))
((Your golden yellow scales are hard. (AC +6)))
You cannot fit into any form of body armour.
((You are cold-blooded and may be slowed by cold attacks.))
((You are resistant to acid. (rCorr)))


Message History

Wisps of shadow whirl around you...
It was a scroll of summoning.
As you read the scroll labelled NOOVOT PEXEBLO, it crumbles to dust.
You feel strangely unstable.
It was a scroll of teleportation.
You start waiting.
Your surroundings suddenly seem different.
Found a scroll labelled MIBASTR BAUZEL.
A jelly comes into view.
The jelly quivers.
Casting: Spider Form (dangerous; 12% risk of failure)
Confirm with . or Enter, or press ? or * to list all spells.
You turn into a venomous arachnid creature.
The jelly hits you.
You are splashed with acid!
The jelly completely misses you.
You hit the jelly but do no damage. The acid corrodes you!
Your front legs burn!
The jelly misses you.
You hit the jelly.
Your front legs burn!
The jelly is lightly wounded.
The jelly hits you. The acid corrodes you!
You are splashed with acid!
You hit the jelly but do no damage.
Your front legs burn!
The jelly is lightly wounded.
The jelly closely misses you.
You hit the jelly.
Your front legs burn!
* * * LOW HITPOINT WARNING * * *
The jelly is lightly wounded.
The jelly hits you.
* * * LOW HITPOINT WARNING * * *
The acid corrodes you!
You are splashed with acid!
* * * LOW HITPOINT WARNING * * *
Your adder bites the jelly.
Your adder is burned by acid!
You hit the jelly but do no damage.
Your front legs burn!
* * * LOW HITPOINT WARNING * * *
The jelly is moderately wounded.
Your transformation is almost over.
Your adder bites the jelly.
Your adder is burned by acid!
The jelly hits you.
* * * LOW HITPOINT WARNING * * *
The acid corrodes you!
You are splashed with acid!
You die...

.# .. ### .# ##..
.###### #...##
......# #.....
.....O.
.###....###......#
.........sJS#
####.#.#####
...#.#.######
.............#
.####.#.####.#
#.#......#
..#.#####..#
#.......#..#
.#####.#..#


You could see a jelly (ally target), a friendly ogre (summoned) and a friendly
adder (summoned).

Vanquished Creatures
  Grinder (D:3)
  Sigmund (D:2)
  An orc priest (D:3)
  Natasha (twice) (D:3)
  An orc wizard (D:3)
  4 adders
  A worm (D:3)
  6 dart slugs (D:1)
  2 orcs (D:3)
  3 endoplasms
  4 giant cockroaches
  3 goblins
  4 hobgoblins
  3 jackals (D:1)
  2 quokkas
  4 ball pythons
  4 bats
  6 kobolds
  4 rats
56 creatures vanquished.

Notes
Turn   | Place    | Note
-------+----------+-------------------------------------------
     0 | D:1      | kae the Draconian Transmuter began the quest for the Orb.
     0 | D:1      | Reached XP level 1. HP: 16/16 MP: 3/3
   340 | D:1      | Reached XP level 2. HP: 23/23 MP: 3/5
   737 | D:1      | Reached skill level 3 in Transmutations
   797 | D:1      | Reached XP level 3. HP: 11/28 MP: 6/6
   801 | D:1      | Learned a level 3 spell: Spider Form
  1053 | D:1      | Found a faded altar of an unknown god.
  1462 | D:2      | Noticed Sigmund
  1504 | D:2      | Killed Sigmund
  1505 | D:2      | Reached skill level 4 in Transmutations
  1505 | D:2      | Reached skill level 1 in Poison Magic
  1505 | D:2      | Reached XP level 4. HP: 22/35 MP: 4/8
  1505 | D:2      | Reached XP level 5. HP: 25/40 MP: 4/9
  1753 | D:2      | Learned a level 4 spell: Ice Form
  2144 | D:2      | Found a hazy altar of Hepliaklqana.
  2662 | D:3      | Noticed Grinder
  2662 | D:3      | Paralysed by Grinder for 7 turns
  2665 | D:3      | Noticed Natasha
  2687 | D:3      | Paralysed by Grinder for 5 turns
  2695 | D:3      | Killed Grinder
  2696 | D:3      | Reached skill level 5 in Transmutations
  2696 | D:3      | Reached XP level 6. HP: 29/47 MP: 9/11
  2703 | D:3      | Killed Natasha
  2717 | D:3      | Your scales start taking on a golden yellow colour.
  2717 | D:3      | Reached XP level 7. HP: 25/52 MP: 7/12
  2717 | D:3      | Gained mutation: You are resistant to acid. (rCorr) [Yellow
                  | Draconian growth]
  2719 | D:3      | Found a blossoming altar of Fedhas.
  2798 | D:3      | Noticed Natasha
  2883 | D:3      | Killed Natasha
  2973 | D:3      | Found a stormy altar of Qazlal.
  3173 | D:3      | You fall into a shaft and drop 1 floor!
  3269 | D:4      | Found a sand-covered staircase.
  3304 | D:4      | HP: 2/52 [jelly (1)]
  3304 | D:4      | Splashed by a jelly's acid

Illustrated notes

Levels and vault maps discovered:
D:1:      dpeg_arrival_round_b, layout_rooms,
          shapermc_ecumenical_altar_notcrosses, hex_medium,
          wad_floor_pattern_untrapped, minmay_misc_feat_square,
          minmay_misc_feat_columns
D:2:      layout_loops_ring, basic_altar, uniq_sigmund
D:3:      layout_rooms, fedhas_altar_2, mainiacjoe_overflow_paths, uniq_natasha,
          uniq_grinder
D:4:      layout_basic, lemuel_doored_altar,
          nicolae_ossuary_entry_false_entrances, cheibrodos_sewer_entry_sluice,
          item_on_display_a, uniq_ijyb, uniq_edmund

Skill      XL: |  1  2  3  4  5 |
---------------+----------------+-----
Transmutations | 3 4 5 |  5.7
Spellcasting   | 3 |  3.8
Poison Magic   | 1 |  1.5
Ice Magic      | 2 |  2.9
Fighting       | |  1.1
Dodging        | |  1.7
Unarmed Combat | |  3.0

Action                   |  1- 3 |  4- 6 |  7- 9 || total
-------------------------+-------+-------+-------++-------
Melee: Unarmed           |    84 |    57 |    38 ||   179
       Tailslap          |     6 |       |     2 ||     8
       Kick              |     7 |     3 |       ||    10
       Punch             |     1 |     2 |       ||     3
       Headbutt          |     5 |       |       ||     5
 Cast: Beastly Appendage |    17 |     6 |       ||    23
       Spider Form       |     1 |     9 |     2 ||    12
 Abil: Breathe Acid      |       |       |     1 ||     1
  Use: Scroll            |     3 |     1 |     3 ||     7
       Potion            |       |     5 |       ||     5
 Stab: Sleeping          |     1 |     1 |     1 ||     3
Armor: Skin              |    36 |    50 |    15 ||   101
Dodge: Dodged            |    69 |    25 |    24 ||   118

Table legend: (Time is in decaauts)
 A = Elapsed time spent in this place.
 B = Non-inter-level travel time spent in this place.
 C = Inter-level travel time spent in this place.
 D = Time resting spent in this place.
 E = Time spent auto-exploring this place.
 F = Levels seen in this place.
 G = Mean time per level.
                   A        B        C        D        E       F      G
               +--------+--------+--------+--------+--------+-----+--------+
         Total |   3283 |   3238 |     45 |     43 |   2707 |   4 |  820.8 |
       Dungeon |   3283 |   3238 |     45 |     43 |   2707 |   4 |  820.8 |
               +--------+--------+--------+--------+--------+-----+--------+

Top non-repeatable levels by time:
     D:1: 1437 daAuts
     D:2: 955 daAuts
     D:3: 761 daAuts
     D:4: 130 daAuts
